Map: Sequencer LE

Players

thermy (uThermal) - Winner!

  • Race: Terran Terran
  • Spawn Location: 1:00

ZhuGeLiang

  • Race: Zerg Zerg
  • Spawn Location: 7:00

Event: WCS Valencia 2017

VOD

Have the link to the VOD?

Description

Time

  • Played on: July 13, 2017, 10:03 a.m.
  • Length: 9:37

All games in this series

Show
View Real Time Build Order
Export as new Build Order

thermy Terran - Winner!

Build Orders: MMM Bio 

Get SALT Encoding   

  12  0:02  SCV  
  13  0:14  SCV  
  14  0:17  Supply Depot  
  14  0:26  SCV  
  15  0:38  SCV  
  15  0:42  Barracks  
  16  0:44  Refinery  
  16  0:51  SCV  
  17  1:01  Barracks  
  17  1:05  SCV  
  18  1:17  SCV  
  19  1:29  Orbital Command, Reaper  
  20  1:38  Barracks  
  20  1:44  Refinery  
  20  1:48  Reaper  
  21  1:56  Supply Depot  
  21  2:00  SCV  
  22  2:04  Reaper  
  23  2:17  SCV  
  23  2:20  Reaper  
  25  2:25  Supply Depot  
  25  2:26  Reaper  
  25  2:29  SCV  
  27  2:36  Reaper  
  28  2:41  SCV  
  29  2:52  Reaper  
  29  2:54  SCV  
  31  3:00  Command Center  
  31  3:02  Reaper  
  32  3:08  Reaper  
  32  3:11  SCV  
  34  3:15  Supply Depot  
  34  3:23  SCV  
  34  3:24  Reaper  
  36  3:34  Reaper  
  36  3:35  SCV  
  36  3:40  Factory  
  38  3:47  SCV  
  39  3:49  Reaper  
  40  3:57  Reaper  
  40  3:59  SCV  
  42  4:11  Barracks Tech Lab, SCV  
  42  4:12  Orbital Command  
  43  4:23  Marine, SCV  
  45  4:29  Stimpack, Marine x2  
  47  4:36  SCV  
  48  4:38  Starport  
  48  4:39  SCV  
  48  4:41  Marine  
  50  4:47  Marine x2  
  50  4:48  SCV  
  50  4:49  Factory Reactor  
  50  4:51  SCV, Supply Depot  
  54  4:59  Marine  
  55  5:00  SCV  
  55  5:01  Command Center  
  55  5:03  SCV  
  55  5:05  Marine x2  
  59  5:12  SCV  
  60  5:15  SCV  
  60  5:17  Marine  
  59  5:23  Marine  
  59  5:24  SCV  
  59  5:27  SCV  
  62  5:32  Engineering Bay  
  62  5:33  Engineering Bay  
  62  5:34  Refinery, Medivac x2  
  62  5:35  Refinery  
  66  5:36  SCV  
  66  5:37  Supply Depot  
  66  5:38  Marine x2  
  69  5:44  SCV  
  70  5:53  Supply Depot  
  70  5:54  Factory Reactor  
  70  5:58  Marine x2, SCV x2  
  74  6:04  Marine  
  74  6:11  SCV  
  76  6:13  Terran Infantry Armor Level 1, SCV, Terran Infantry Weapons Level 1  
  76  6:14  Barracks  
  76  6:15  Barracks  
  77  6:18  Barracks Reactor  
  77  6:19  Barracks Reactor  
  77  6:22  Marine, Orbital Command  
  77  6:23  SCV  
  79  6:26  SCV  
  80  6:32  Combat Shields  
  80  6:35  SCV, Supply Depot  
  80  6:38  SCV, Widow Mine  
  80  6:39  Widow Mine  
  84  6:40  Marine  
  87  6:47  SCV  
  87  6:50  SCV  
  84  6:57  Marine, Barracks  
  84  6:58  Marine x2  
  84  6:59  SCV, Barracks x2  
  84  7:00  Medivac  
  90  7:07  Marine  
  84  7:10  Marine  
  84  7:11  Marine  
  84  7:12  Marine  
  84  7:14  Widow Mine x2  
  88  7:15  Marine  
  88  7:16  Marine  
  88  7:21  SCV x2  
  88  7:22  Refinery  
  92  7:24  SCV, Medivac  
  92  7:26  Armory  
  95  7:30  Barracks Reactor x2, Medivac  
  95  7:33  Marine x2, SCV  
  95  7:34  Supply Depot  
  100  7:38  SCV x2  
  100  7:41  Supply Depot  
  100  7:42  Supply Depot  
  100  7:43  Marine  
  103  7:44  Marine  
  103  7:46  Barracks Tech Lab  
  103  7:49  Barracks Tech Lab x2  
  103  7:50  Marine  
  105  7:53  Supply Depot  
  105  7:55  Marine x2  
  107  8:01  Marine  
  107  8:02  Marine  
  107  8:04  Medivac x2  
  113  8:06  Concussive Shells  
  113  8:07  Marine  
  113  8:08  Marine  
  113  8:12  Marauder  
  117  8:14  Marauder x2  
  117  8:17  Marauder, Marine  
  117  8:18  Widow Mine  
  126  8:22  Marine  
  125  8:29  Marine x2  
  125  8:33  Supply Depot x2  
  125  8:34  Marauder  
  129  8:35  Marauder  
  127  8:45  Marine x4  
  127  8:46  Marine  
  127  8:47  Medivac  
  131  8:49  Marine  
  131  8:50  Marine  
  131  8:51  Marine  
  132  8:57  Marine  
  132  8:58  Marauder  
  132  8:59  Marine  
  132  9:00  Marine  
  137  9:02  Marine  
  137  9:06  Marine x2  
  137  9:08  Marine  
  137  9:09  Marine  
  140  9:10  Marine  
  140  9:15  Marauder  
  142  9:18  Marine x2  
Show
View Real Time Build Order
Export as new Build Order

ZhuGeLiang Zerg 

Build Orders: Pool First 

Get SALT Encoding   

  12  0:01  Drone  
  13  0:13  Overlord  
  13  0:17  Drone  
  14  0:31  Drone x2  
  14  0:35  Drone  
  17  0:44  Spawning Pool  
  17  0:47  Drone  
  17  0:56  Extractor, Drone  
  17  1:13  Hatchery  
  17  1:17  Drone  
  17  1:20  Drone  
  18  1:31  Queen  
  20  1:36  Drone  
  21  1:43  Overlord  
  21  1:55  Metabolic Boost  
  21  1:58  Zergling x2  
  22  2:02  Zergling x2  
  22  2:07  Queen  
  25  2:11  Drone  
  26  2:22  Drone  
  27  2:27  Evolution Chamber  
  27  2:28  Queen  
  28  2:39  Drone x2  
  30  2:45  Drone x3  
  30  2:49  Zergling x2  
  32  3:00  Zerg Ground Armor Level 1  
  32  3:03  Zergling x2  
  33  3:08  Zergling x2  
  33  3:11  Overlord  
  34  3:16  Zergling x4  
  36  3:31  Zergling x12  
  42  3:41  Overlord  
  42  3:47  Overlord  
  42  3:48  Drone x2  
  44  3:52  Overlord  
  44  4:00  Drone x4  
  48  4:07  Zergling x4  
  49  4:19  Drone  
  49  4:21  Zergling x12  
  55  4:35  Hatchery  
  54  4:39  Zergling x6  
  57  4:54  Zerg Melee Weapons Level 1  
  57  5:00  Zergling x12  
  57  5:01  Zergling x6  
  66  5:10  Zergling x2  
  66  5:11  Overlord  
  58  5:22  Drone x5  
  58  5:24  Queen  
  58  5:26  Drone  
  66  5:33  Drone  
  66  5:34  Drone  
  68  5:36  Extractor  
  68  5:37  Extractor  
  68  5:38  Baneling Nest  
  65  5:45  Drone x2  
  67  5:53  Drone  
  67  5:56  Lair  
  68  5:57  Drone x6  
  68  6:04  Drone x3  
  77  6:13  Drone x3  
  80  6:24  Overlord x3  
  80  6:27  Overlord  
  80  6:28  Evolution Chamber  
  80  6:30  Queen  
  81  6:33  Baneling x6  
  81  6:34  Baneling x5  
  81  6:43  Zergling x12  
  86  6:52  Zergling x14  
  90  7:08  Drone x9  
  90  7:13  Zerg Ground Armor Level 2  
  90  7:19  Zerg Melee Weapons Level 2  
  89  7:27  Drone x8  
  97  7:31  Extractor  
  97  7:33  Extractor  
  97  7:34  Extractor, Overlord  
  94  7:37  Overlord  
  94  7:39  Overlord  
  94  7:42  Centrifical Hooks  
  94  7:45  Drone x2  
  96  7:54  Hatchery  
  96  7:58  Zergling x12  
  97  8:04  Spire  
  100  8:06  Baneling x2  
  100  8:10  Zergling x8  
  104  8:16  Overseer  
  104  8:19  Zergling x14  
  111  8:23  Zergling x2  
  111  8:24  Zergling x6  
  106  8:30  Zergling x10  
  102  8:42  Drone  
  102  8:43  Drone x4  
  102  8:46  Drone  
  102  8:47  Drone x3  
  108  8:51  Overlord  
  108  8:53  Baneling x4  
  108  8:57  Overlord  
  108  8:59  Baneling x4  
  108  9:05  Zergling x2  
  108  9:06  Zergling x14  
  102  9:19  Overlord  
Tags
 
Add a new tag
Caveats
  • Supply blocks, unpowered buildings, or Contaminate may cause inaccurate times.
  • Supply counts are checked every 10 seconds.